 Dungeon Crawl Stone Soup version 0.29.1-2-gbd0b4ee654 (webtiles) character file.

Game seed: 14308349739616236410

21 jamesblauser the Trooper (level 2, -2/25 HPs)
             Began as a Palentonga Fighter on Nov 6, 2022.
             Succumbed to their own poison gas
             ... on level 1 of the Dungeon.
             The game lasted 00:04:00 (745 turns).

jamesblauser the Trooper (Palentonga Fighter)        Turns: 745, Time: 00:04:01

Health: -2/25      AC:  6    Str: 19      XL:     2   Next: 62%
Magic:  2/2        EV: 22    Int:  7 (8)  God:
Gold:   33         SH:  4    Dex:  9      Spells: 1/1 levels left

rFire   . . .      SeeInvis +   a - +0 war axe
rCold   . . .      Faith    .   c - +0 buckler
rNeg    . . .      Spirit   .   b - +0 scale mail
rPois   .          Reflect  .   (no helmet)
rElec   .          Harm     .   (no cloak)
rCorr   .          Rampage  .   (no gloves)
Will    .....                   (no barding)
Stlth   ..........              i - amulet of the acrobat
HPRegen 0.08/turn               (no ring)
MPRegen 0.08/turn               (no ring)

@: lethally poisoned (-2 -> -35), acrobatic
A: large, rugged brown scales 3, see invisible, deformed body, roll 1, armoured
tail, deterioration 1, weak 1, evolution 1
a: Rolling Charge


You were on level 1 of the Dungeon.
You visited 1 branch of the dungeon, and saw 1 of its levels.

You collected 33 gold pieces.

Inventory:

Hand Weapons
 a - a +0 war axe (weapon)
 f - a +0 longbow
Armour
 b - a +0 scale mail (worn)
 c - a +0 buckler (worn)
Jewellery
 i - an amulet of the acrobat (around neck)
Potions
 d - 2 potions of might
 e - a potion of cancellation
 g - a potion of flight {unknown}


   Skills:
 + Level 3.2 Fighting
 + Level 2.4 Axes
 + Level 2.6 Armour
 + Level 3.0 Shields


You had one spell level left.
You didn't know any spells.
Your spell library was empty.

Dungeon Overview and Level Annotations

Branches:
Dungeon (1/15)

Altars:


Innate Abilities, Weirdness & Mutations

You are completely covered in rugged brown scales. (AC +3, +7% HP)
You have supernaturally acute eyesight. (SInv)
Armour fits poorly on your strangely shaped body.
You can roll at nearby foes to attack.
You have a long armoured tail.
Your body sometimes deteriorates upon taking damage.
You are weak. (Str -2)
You have hidden genetic potential.


Message History

A quokka comes into view.
Found a ring mail.
Roll where?
Press: ? - help, Q - select action Dir - move target, f - quokka
Aim: a quokka You roll forward with a clatter of scales!
You slash the quokka!
You kill the quokka!
You start putting on your amulet.
You continue putting on your amulet of the acrobat. x5
You finish putting on your amulet of the acrobat.
You feel ready to tumble and roll out of harm's way.
i - an amulet of the acrobat (around neck)
You see here a quokka corpse.
A dart slug and a goblin come into view.
The goblin shouts!
There's nothing you can charge at!
The air fills with toxic fumes!
As you read the scroll labelled OZXORORAYSH, it crumbles to dust.
It was a scroll of poison.
There are monsters nearby!
There are monsters nearby!
There are monsters nearby!
There are monsters nearby!
There are monsters nearby!
There are monsters nearby!
There are monsters nearby!
There are monsters nearby!
Really walk into that cloud of poison gas? [Y]es or [N]o only, please.
Really walk into that cloud of poison gas?
You are engulfed in poison gas.
You are poisoned.
You feel very sick.
You are engulfed in poison gas.
You are lethally poisoned!
Your body deteriorates!
You feel dopey.
You feel very sick.
You are engulfed in poison gas.
You are more poisoned.
* * * LOW HITPOINT WARNING * * *
You die...

########## ##.........
##§§§§§§§§§§ ####
#§§§§§§§§§§§ #..#
#§§§§§§§§§§§ #..#
#§§§§§§§§§§w #..#
#§§§§§§§§§§§ ...#
########§§§.§§§§§§§
...###.......#§§@§§§§§§§
.....#.......##§§§§§§§g§
...#.........######§§###
...###.......# ..# #..#
#.......# ## ####
#.......# .# ##
#.####### .
#.####.######### .#
#.............[. ..###


You could see a dart slug and a goblin.

Vanquished Creatures
  3 endoplasms (D:1)
  3 goblins (D:1)
  5 hobgoblins (D:1)
  A quokka (D:1)
  3 ball pythons (D:1)
  2 rats (D:1)
17 creatures vanquished.

Notes
Turn   | Place    | Note
-------+----------+-------------------------------------------
     0 | D:1      | jamesblauser the Palentonga Fighter began the quest for the
                  | Orb.
     0 | D:1      | Reached XP level 1. HP: 19/19 MP: 1/1
     5 | D:1      | Noticed a minotaur skeleton
    10 | D:1      | Noticed a minotaur skeleton
    12 | D:1      | Noticed a minotaur skeleton
   294 | D:1      | Reached XP level 2. HP: 23/25 MP: 2/2
   515 | D:1      | Gained mutation: Your body sometimes deteriorates upon
                  | taking damage. [potion of mutation]
   515 | D:1      | Gained mutation: You are weak. (Str -2) [potion of
                  | mutation]
   515 | D:1      | Gained mutation: You have hidden genetic potential. [potion
                  | of mutation]
   745 | D:1      | Succumbed to their own poison gas

Illustrated notes

Levels and vault maps discovered:
D:1:      shiori_arrival_whats_in_store_for_you, layout_rooms,
          minmay_hexomino_u4

Skill      XL: |  1  2 |
---------------+-------+-----
Shields        | 3 |  3.0
Fighting       | |  3.2
Axes           | |  2.4
Armour         | |  2.6

Action                   || total
-------------------------++-------
Melee: War axe           ||    27
       Tailslap          ||     1
 Abil: Rolling Charge    ||     2
  Use: Scroll            ||     6
       Potion            ||     1
Armor: Scale mail        ||    18
Dodge: Dodged            ||    15
Block: Buckler           ||     8
